 Dungeon Crawl Stone Soup version 0.31-a0-202-g547052bce9 (webtiles) character file.

Game seed: 9437397103279204919

1033 qw the Skirmisher (level 8, -2/45 HPs)
             Began as a Deep Elf Hunter on June 26, 2023.
             Slain by a killer bee (3 damage)
             ... on level 6 of the Dungeon.
             The game lasted 00:02:04 (4596 turns).

qw the Skirmisher (Deep Elf Hunter)                 Turns: 4596, Time: 00:02:04

Health: -2/45      AC:  8    Str: 10    XL:     8   Next: 3%
Magic:  10/10      EV: 11    Int: 15    God:
Gold:   210        SH:  0    Dex: 18    Spells: 7/7 levels left

rFire   + . .        Y - +0 shortbow (freeze)
rCold   + . .        (shield currently unavailable)
rNeg    . . .        c - +2 ring mail {rC+}
rPois   .            (no helmet)
rElec   .            (no cloak)
rCorr   .            k - +0 pair of gloves
SInv    +            (no boots)
Will    +....        (no amulet)
Stlth   +            a - ring of protection from fire
HPRegen 0.27/turn    b - ring of see invisible
MPRegen 0.12/turn

%: no passive effects
@: lethally poisoned (-2 -> -9), enlightened, flying
A: no striking features
a: no special abilities


You were on level 6 of the Dungeon.
You visited 1 branch of the dungeon, and saw 6 of its levels.

You collected 298 gold pieces.
You spent 88 gold pieces at shops.


   Skills:
 + Level 2.8 Fighting
 - Level 12.2 Ranged Weapons
 - Level 1.2 Armour
 - Level 3.1 Dodging
 - Level 1.2 Stealth


You had 7 spell levels left.
You didn't know any spells.
Your spell library was empty.

Inventory:

Hand Weapons
 Y - a +0 shortbow of freezing (weapon)
Armour
 c - a +2 ring mail of cold resistance (worn)
 h - a +2 leather armour of poison resistance
 k - a +0 pair of gloves (worn)
Jewellery
 a - a ring of protection from fire (left hand)
 b - a ring of see invisible (right hand)
Wands
 g - a wand of digging (4)
Scrolls
 d - a scroll of identify
Potions
 e - a potion of curing {unknown}
 f - a potion of magic {unknown}
 i - a potion of mutation {unknown}
 j - a potion of enlightenment

Dungeon Overview and Level Annotations

Branches:
Dungeon (6/15)
 Temple: D:4-7

Altars:
Cheibriados
Gozag
Sif Muna
Xom
Zin

Shops:
D:3 (

Annotations:
D:2 1 runed translucent door, Crazy Yiuf
D:4 exclusion: gnoll


Message History

The arrow freezes the killer bee.
You kill the killer bee! 2 killer bees come into view.
The killer bee buzzes angrily. x2; You hear a shout! x4
A killer bee comes into view.
You shoot an arrow. The killer bee buzzes angrily.
The arrow hits the killer bee!
The arrow freezes the killer bee.
The killer bee is severely wounded.
You hear a shout! x2
You shoot an arrow. The arrow misses the killer bee.
You shoot an arrow. The arrow hits the killer bee.
The arrow freezes the killer bee.
The killer bee is almost dead.
The killer bee closely misses you. The killer bee barely misses you.
The killer bee stings you.
You shoot an arrow. The arrow misses the killer bee.
The killer bee barely misses you. The killer bee closely misses you.
The killer bee stings you.
The killer bee stings you but does no damage.
The killer bee closely misses you. The killer bee stings you.
You shoot an arrow. The arrow hits the killer bee!
The arrow freezes the killer bee.
You kill the killer bee!
The killer bee stings you!
The killer bee stings you but does no damage.
An orc comes into view. It is wielding a +0 flail.
You have reached level 8!
You feel clever.
You shoot an arrow.
The arrow closely misses the killer bee.
The killer bee stings you. The killer bee stings you!
You are lethally poisoned!
The killer bee poisons you! The killer bee stings you.
The killer bee barely misses you.
An orc wizard comes into view. It is wielding a +0 dagger.
You shoot an arrow.
The arrow hits the killer bee but does no damage.
You feel very sick. The killer bee stings you.
You die...

...... #... ...###
.....##..#.........
#.......#.........
##......##......?.
.................
#..............
#.<............
#..#...........
##.##..@%...#
..#...yy...#
#.............#
.......).......o
......##.........
.....####........
....# ##......#
.... ....... ..
......


You could see 2 killer bees and an orc wizard.

Vanquished Creatures
  An ice beast (D:5)
  A black bear (D:5)
  2 ogres
  A scorpion (D:5)
  2 killer bees (D:6)
  2 hounds
  An orc priest (D:3)
  2 jellies
  Terence (D:2)
  3 iguanas
  An orc wizard (D:4)
  4 adders
  11 gnolls
  2 worms (D:4)
  A dart slug (D:2)
  14 orcs
  9 endoplasms
  A giant cockroach (D:4)
  5 goblins
  7 hobgoblins
  11 jackals
  4 quokkas
  4 ball pythons
  6 bats
  4 frilled lizards
  4 kobolds
  5 rats
109 creatures vanquished.

Notes
Turn   | Place    | Note
-------+----------+-------------------------------------------
     0 | D:1      | qw the Deep Elf Hunter began the quest for the Orb.
     0 | D:1      | Reached XP level 1. HP: 12/12 MP: 3/3
     0 | D:1      | 0 ||| qw: Version: 0.3-a-22-g0ed2b0b
     0 | D:1      | 0 ||| qw: Game counter: 6077
     0 | D:1      | 0 ||| qw: Melee chars always use a shield: true
     0 | D:1      | 0 ||| qw: God list: Okawaru
     0 | D:1      | 0 ||| qw: Allow faded altars: false
     0 | D:1      | 0 ||| qw: Do Orc after clearing Dungeon:15 true
     0 | D:1      | 0 ||| qw: Do second Lair branch before Depths: true
     0 | D:1      | 0 ||| qw: Lair rune preference: random
     0 | D:1      | 0 ||| qw: Goals: Normal
     0 | D:1      | 0 ||| PLANNING D:1-11
   158 | D:1      | Reached skill level 6 in Ranged Weapons
   158 | D:1      | Reached XP level 2. HP: 16/16 MP: 4/4
   507 | D:1      | Found an opulent altar of Gozag.
   526 | D:1      | 526 ||| READING scroll labelled YRHOVI HASH.
   531 | D:1      | 531 ||| READING scroll labelled CIODYN YSUXISCH.
   532 | D:1      | 532 ||| READING scroll labelled AJADIY INNOO.
   533 | D:1      | 533 ||| DROPPING scroll of butterflies.
   618 | D:2      | Reached XP level 3. HP: 20/20 MP: 5/5
   730 | D:2      | Found a snail-covered altar of Cheibriados.
  1109 | D:2      | Noticed Terence
  1118 | D:2      | 1118 ||| UPGRADING to ring of protection from fire.
  1120 | D:2      | 1120 ||| FLEEEEING.
  1121 | D:2      | 1121 ||| FLEEEEING.
  1122 | D:2      | 1122 ||| FLEEEEING.
  1126 | D:2      | Killed Terence
  1127 | D:2      | Reached skill level 7 in Ranged Weapons
  1127 | D:2      | Reached XP level 4. HP: 15/25 MP: 6/6
  1129 | D:2      | 1129 ||| STAIRDANCE
  1168 | D:1      | 1168 ||| UPGRADING to ring of see invisible.
  1169 | D:1      | 1169 ||| READING scroll labelled SOQUJY SIPS.
  1170 | D:1      | 1170 ||| READING scroll labelled MATHOM DEFYA.
  1353 | D:2      | Found a runed translucent door.
  1354 | D:2      | Noticed Crazy Yiuf
  1447 | D:2      | 1447 ||| UPGRADING to +0 scale mail.
  1457 | D:2      | 1457 ||| DROPPING +0 leather armour.
  1546 | D:3      | HP: 5/25 [gnoll/+0 whip (6)]
  1546 | D:3      | HP: 1/25 [gnoll/+0 club (4)]
  1548 | D:3      | Reached skill level 8 in Ranged Weapons
  1692 | D:3      | 1692 ||| FLEEEEING.
  1693 | D:3      | 1693 ||| FLEEEEING.
  1694 | D:3      | 1694 ||| FLEEEEING.
  1695 | D:3      | 1695 ||| FLEEEEING.
  1742 | D:3      | 1742 ||| Stepping ~*~*~tactically~*~*~ (outnumbered).
  1747 | D:3      | Reached XP level 5. HP: 29/29 MP: 7/7
  1992 | D:3      | Found a faded altar of an unknown god.
  2008 | D:3      | Found Yzomamp's Weapon Shoppe.
  2019 | D:3      | 2019 ||| BUYING +0 shortbow of freezing (88 gold).
  2019 | D:3      | Bought a +0 shortbow of freezing for 88 gold pieces
  2019 | D:3      | 2019 ||| SWAPPING to +0 shortbow of freezing.
  2020 | D:3      | 2020 ||| DROPPING +0 shortbow.
  2175 | D:3      | Found a shimmering blue altar of Sif Muna.
  2175 | D:3      | Found a shimmering altar of Xom.
  2300 | D:3      | 2300 ||| UPGRADING to +1 ring mail of cold resistance.
  2310 | D:3      | 2310 ||| DROPPING +0 scale mail.
  2311 | D:3      | 2311 ||| READING scroll labelled YNIUS HOIPHOO.
  2407 | D:4      | Reached skill level 9 in Ranged Weapons
  2410 | D:4      | 2410 ||| FLEEEEING.
  2411 | D:4      | 2411 ||| FLEEEEING.
  2412 | D:4      | 2412 ||| FLEEEEING.
  2413 | D:4      | 2413 ||| FLEEEEING.
  2414 | D:4      | 2414 ||| FLEEEEING.
  2415 | D:4      | 2415 ||| FLEEEEING.
  2416 | D:4      | 2416 ||| FLEEEEING.
  2417 | D:4      | 2417 ||| FLEEEEING.
  2418 | D:4      | 2418 ||| STAIRDANCE
  2465 | D:4      | 2465 ||| STAIRDANCE
  2537 | D:4      | 2537 ||| READING scroll of enchant armour.
  2537 | D:4      | 2537 ||| ENCHANTING +1 ring mail of cold resistance.
  2663 | D:4      | Reached XP level 6. HP: 35/35 MP: 8/8
  2986 | D:4      | 2986 ||| FLEEEEING.
  2987 | D:4      | 2987 ||| FLEEEEING.
  2988 | D:4      | 2988 ||| FLEEEEING.
  2989 | D:4      | 2989 ||| FLEEEEING.
  2991 | D:4      | 2991 ||| FLEEEEING.
  2992 | D:4      | 2992 ||| FLEEEEING.
  2993 | D:4      | 2993 ||| FLEEEEING.
  2994 | D:4      | 2994 ||| FLEEEEING.
  2995 | D:4      | 2995 ||| FLEEEEING.
  2996 | D:4      | 2996 ||| FLEEEEING.
  2997 | D:4      | 2997 ||| FLEEEEING.
  2998 | D:4      | 2998 ||| FLEEEEING.
  2999 | D:4      | 2999 ||| FLEEEEING.
  3000 | D:4      | 3000 ||| FLEEEEING.
  3001 | D:4      | 3001 ||| FLEEEEING.
  3002 | D:4      | 3002 ||| FLEEEEING.
  3003 | D:4      | 3003 ||| FLEEEEING.
  3004 | D:4      | 3004 ||| FLEEEEING.
  3005 | D:4      | 3005 ||| FLEEEEING.
  3006 | D:4      | 3006 ||| FLEEEEING.
  3007 | D:4      | 3007 ||| FLEEEEING.
  3008 | D:4      | 3008 ||| FLEEEEING.
  3009 | D:4      | 3009 ||| FLEEEEING.
  3011 | D:4      | 3011 ||| FLEEEEING.
  3012 | D:4      | 3012 ||| FLEEEEING.
  3013 | D:4      | 3013 ||| FLEEEEING.
  3014 | D:4      | 3014 ||| FLEEEEING.
  3015 | D:4      | 3015 ||| FLEEEEING.
  3016 | D:4      | 3016 ||| FLEEEEING.
  3017 | D:4      | 3017 ||| FLEEEEING.
  3018 | D:4      | 3018 ||| STAIRDANCE
  3055 | D:4      | HP: 3/35 [ogre/+0 giant club (32)]
  3056 | D:4      | 3056 ||| STAIRDANCE
  3056 | D:4      | HP: 1/35 [ogre/+0 giant club (3)]
  3060 | D:3      | Reached skill level 10 in Ranged Weapons
  3361 | D:4      | 3361 ||| FLEEEEING.
  3362 | D:4      | 3362 ||| FLEEEEING.
  3363 | D:4      | 3363 ||| FLEEEEING.
  3364 | D:4      | 3364 ||| FLEEEEING.
  3365 | D:4      | 3365 ||| FLEEEEING.
  3366 | D:4      | 3366 ||| FLEEEEING.
  3367 | D:4      | 3367 ||| FLEEEEING.
  3368 | D:4      | 3368 ||| FLEEEEING.
  3370 | D:4      | 3370 ||| FLEEEEING.
  3371 | D:4      | 3371 ||| FLEEEEING.
  3372 | D:4      | 3372 ||| FLEEEEING.
  3373 | D:4      | 3373 ||| FLEEEEING.
  3374 | D:4      | 3374 ||| FLEEEEING.
  3375 | D:4      | 3375 ||| FLEEEEING.
  3377 | D:4      | 3377 ||| FLEEEEING.
  3378 | D:4      | 3378 ||| STAIRDANCE
  3395 | D:3      | 3395 ||| DROPPING scarf of shadows.
  3396 | D:3      | 3396 ||| UPGRADING to +0 pair of gloves.
  3401 | D:3      | 3401 ||| READING scroll labelled ANKUWK LURO.
  3413 | D:4      | 3413 ||| STAIRDANCE
  3417 | D:3      | Reached skill level 3 in Dodging
  3520 | D:4      | 3520 ||| READING scroll labelled ULAIPU ICKUDI.
  3555 | D:5      | Entered Level 5 of the Dungeon
  3593 | D:5      | Reached skill level 1 in Armour
  3593 | D:5      | Reached XP level 7. HP: 34/40 MP: 9/9
  3872 | D:5      | Reached skill level 11 in Ranged Weapons
  4099 | D:5      | Found a glowing silver altar of Zin.
  4370 | D:5      | Reached skill level 12 in Ranged Weapons
  4377 | D:5      | HP: 10/40 [poisoned by a scorpion]
  4575 | D:5      | 4575 ||| DRINKING 2 ruby potions.
  4595 | D:6      | Reached XP level 8. HP: 18/45 MP: 10/10
  4595 | D:6      | HP: 6/45 [killer bee (7)]
  4596 | D:6      | HP: 1/45 [poisoned by a killer bee]
  4596 | D:6      | Slain by a killer bee

Levels and vault maps discovered:
D:1:      dpeg_arrival_lava_altar, layout_rooms
D:2:      layout_basic, basic_altar, uniq_terence, uniq_crazy_yiuf_cottage
D:3:      layout_loops_ring, nicolae_overflow_two_pavilions,
          shapermc_ecumenical_altar_mp_urbaneastern, serial_shops,
          nicolae_shop_crystal, minmay_crystal_water, columned_hall_lemuel
D:4:      cheibrodos_pilgrimage, layout_basic
D:5:      layout_basic, lemuel_doored_altar
D:6:      layout_cave_pools, amcnicky_altar_gilded, serial_gnoll_camp,
          gnoll_camp_huts_basic, gnoll_camp_mini_doghouse, gnoll_camp_mini_hut,
          gnoll_camp_mini_sergeant

Skill      XL: |  1  2  3  4  5  6  7 |
---------------+----------------------+-----
Ranged Weapons | 6 7 8 9 10 12 | 12.2
Fighting       | 2 |  2.8
Dodging        | 3 |  3.1
Armour         | 1 |  1.2
Stealth        | |  1.2

Action                     |  1- 3 |  4- 6 |  7- 9 || total
---------------------------+-------+-------+-------++-------
   Fire: Shortbow          |    89 |   196 |    70 ||   355
    Use: Scroll            |     3 |     6 |       ||     9
         Potion            |       |       |     1 ||     1
 Armour: Leather armour    |     4 |     4 |       ||     8
         Scale mail        |       |    27 |       ||    27
         Ring mail         |       |    10 |    14 ||    24
  Dodge: Dodged            |    13 |    49 |    23 ||    85

Table legend:
 A = Non-vault XP
 B = Vault XP
 C = Vault XP percentage of total XP
 D = Non-vault monster count
 E = Vault monster count
 F = Vault count percentage of total count
                 A         B        C        D         E       F
            +---------+---------+-------+---------+---------+-------
      Total |    1373 |     103 |   7.0 |     102 |       7 |   6.4
            +---------+---------+-------+---------+---------+-------
        D:1 |      29 |       0 |   0.0 |      20 |       0 |   0.0
        D:2 |      35 |      36 |  50.7 |      12 |       1 |   7.7
        D:3 |     296 |      41 |  12.2 |      35 |       1 |   2.8
        D:4 |     229 |      12 |   5.0 |      19 |       4 |  17.4
        D:5 |     655 |       0 |   0.0 |      14 |       0 |   0.0
        D:6 |     129 |      14 |   9.8 |       2 |       1 |  33.3
            +---------+---------+-------+---------+---------+-------
